 Dungeon Crawl Stone Soup version 0.21-a0-400-g417d9d2 (webtiles) character file.

288 Espgualade the Skirmisher (level 6, -9/40 HPs)
             Began as a Tengu Ice Elementalist on Oct 20, 2017.
             Was an Initiate of Vehumet.
             Mangled by an ogre
             ... wielding a +0 giant club
              (18 damage)
             ... on level 4 of the Dungeon.
             The game lasted 00:10:15 (4565 turns).

Espgualade the Skirmisher (Tengu Ice Elementalist)  Turns: 4565, Time: 00:10:15

Health: -9/40      AC: 10    Str:  8    XL:     6   Next: 31%
Magic:  0/10       EV: 13    Int: 20    God:    Vehumet [......]
Gold:   144        SH:  0    Dex: 14    Spells: 3/9 levels left

rFire    . . .     SeeInvis .   g - +0 flail
rCold    . . .     Gourm    .   (no shield)
rNeg     . . .     Faith    .   a - +1 robe
rPois    .         Spirit   .   (helmet restricted)
rElec    .         Reflect  .   (no cloak)
rCorr    .         Harm     .   k - +1 pair of gloves
MR       +....                  (boots unavailable)
Stlth    ++........             (no amulet)
HPRegen  0.13/turn              e - ring of protection from magic
MPRegen  0.12/turn              s - +2 ring of intelligence

@: icy armour, very slightly contaminated, slow
A: beak, talons 3, able to fly 1
a: Fly, Renounce Religion


You were on level 4 of the Dungeon.
You worshipped Vehumet.
Vehumet was noncommittal.
You were hungry.

You visited 2 branches of the dungeon, and saw 5 of its levels.

You collected 144 gold pieces.

Inventory:

Hand Weapons
 g - a +0 flail (weapon)
Armour
 a - a +1 robe (worn)
 i - a +0 pair of gloves
 k - a +1 pair of gloves (worn)
Jewellery
 e - a ring of protection from magic (left hand)
 m - an uncursed ring of positive energy
 s - a +2 ring of intelligence (right hand)
 u - a cursed ring of teleportation {unknown}
 x - an uncursed ring of flight {unknown}
Wands
 w - a wand of lightning (9/15)
Scrolls
 d - 2 scrolls of enchant armour
 f - 3 scrolls of remove curse
 l - 2 scrolls of teleportation
 n - 2 scrolls of fog
 o - a scroll of magic mapping
 p - a scroll of fear
Potions
 h - a potion of haste
 q - a potion of flight
 r - a potion of magic {unknown}
 t - 2 potions of agility
Books
 b - a book of Frost

   Spells                             Type                      Level
   a - Freeze                         Ice                          1
   b - Throw Frost                    Conjuration/Ice              2
   c - Ozocubu's Armour               Charms/Ice                   3
   d - Throw Icicle                   Conjuration/Ice              4
   e - Summon Ice Beast               Ice/Summoning                4
Comestibles
 c - 5 bread rations
 j - a meat ration
 v - a royal jelly
 z - 4 chunks of flesh


   Skills:
 - Level 5.0 Fighting
 + Level 3.3 Dodging
 + Level 3.1 Stealth
 - Level 2.0 Spellcasting
 - Level 1.3 Conjurations
 - Level 2.6 Ice Magic


You had 3 spell levels left.
You knew the following spells:

 Your Spells              Type           Power        Failure   Level  Hunger
a - Freeze                Ice            ##..         5%          1    #......
b - Throw Frost           Conj/Ice       ##....       11%         2    ##.....
c - Ozocubu's Armour      Chrm/Ice       #.......     26%         3    ###....


Dungeon Overview and Level Annotations

Branches:
Dungeon (4/15)             Temple (1/1) D:4

Altars:
Ashenzari
Cheibriados
Dithmenos
Elyvilon
Fedhas
Gozag
Hepliaklqana
Kikubaaqudgha
Makhleb
Nemelex Xobeh
Okawaru
Qazlal
Ru
Sif Muna
Trog
Uskayaw
Vehumet
Wu Jian
Xom
Yredelemnul
Zin
The Shining One

Annotations:
D:4 Edmund


Innate Abilities, Weirdness & Mutations

You have a beak for a mouth.
You have claws for feet.
You can fly.


Message History

You sock the ogre! You peck the ogre.
The ogre is severely wounded.
The ogre hits you with a giant club!
You see here 11 gold pieces.
You hit the ogre. You peck the ogre.
The ogre is almost dead.
The ogre misses you.
You hit the ogre.
The ogre is almost dead.
The ogre hits you with a giant club!
* * * LOW HITPOINT WARNING * * *
Casting: Throw Frost
Confirm with . or Enter, or press ? or * to list all spells.
Aiming: Freeze
Press: ? - help, Shift-Dir - straight line, f/p - ogre
Aim: an ogre, wielding a giant club (almost dead)
You freeze the ogre.
The ogre is almost dead.
The ogre hits you with a giant club!!
You die...

#..........#..........#
#..........#.........##
#..........#.........#
###
#..........#.........#
.( ...#...# #.#####...#
##.#### #.....# #.#
#...# ...@... #....#
#.# #...# ##
.......#####.O..# #.#
#...# .#
.............@..# #.#
#...#
.##........####..###
#.# #...# ......# ##.##
#.# ##### .###### #..#
#.# .# .#
#..####.######## .#
..... #..#............
.# .....
#..#............
.####.....
#..#............
..........
#...............


You could see an ogre.

Vanquished Creatures
  An orc priest (D:4)
  A centaur skeleton (D:4)
  Terence (D:2)
  Ijyb (D:4)
  Robin (D:4)
  4 gnolls (D:3)
  4 adders
  2 worms (D:2)
  2 dart slugs
  4 leopard geckos
  5 orcs
  4 giant cockroaches
  21 goblins
  6 hobgoblins
  11 bats
  5 frilled lizards
  4 kobolds
  10 rats
87 creatures vanquished.

Notes
Turn   | Place    | Note
-------+----------+-------------------------------------------
     0 | D:1      | Espgualade the Tengu Ice Elementalist began the quest for the Orb.
     0 | D:1      | Reached XP level 1. HP: 10/10 MP: 4/4
   192 | D:1      | Reached skill level 1 in Fighting
   421 | D:1      | Reached XP level 2. HP: 14/17 MP: 1/6
   565 | D:1      | Reached skill level 2 in Fighting
  1065 | D:1      | Learned a level 2 spell: Throw Frost
  1220 | D:2      | Reached XP level 3. HP: 19/22 MP: 5/7
  1433 | D:2      | Noticed Terence
  1438 | D:2      | Reached skill level 3 in Fighting
  1957 | D:2      | Reached XP level 4. HP: 22/28 MP: 2/8
  2257 | D:2      | Learned a level 3 spell: Ozocubu's Armour
  2292 | D:2      | Killed Terence
  2315 | D:3      | Reached skill level 4 in Fighting
  2402 | D:3      | Found a basalt altar of Yredelemnul.
  2502 | D:3      | Gained mutation: You can fly. [Tengu growth]
  2502 | D:3      | Reached XP level 5. HP: 27/34 MP: 1/9
  3034 | D:3      | Reached skill level 5 in Fighting
  3075 | D:3      | Found a glowing golden altar of the Shining One.
  3623 | D:4      | Noticed Edmund
  3788 | D:4      | Found a staircase to the Ecumenical Temple.
  3822 | Temple   | Entered the Ecumenical Temple
  3954 | Temple   | Became a worshipper of Vehumet
  4105 | D:4      | Noticed Robin
  4108 | D:4      | Reached XP level 6. HP: 21/40 MP: 4/10
  4311 | D:4      | Noticed Ijyb
  4326 | D:4      | Killed Ijyb
  4430 | D:4      | Killed Robin
  4565 | D:4      | Mangled by an ogre

Vault maps used:
D:1:      minmay_arrival_doors
D:2:      kennysheep_big_flooded_room, first_bread, grunt_decor_mini_mirrors,
          columned_hall_lemuel, uniq_terence
D:3:      nicolae_tso_carved_into_rock, minmay_misc_feat_hallway,
          yredelemnul_altar_generic
D:4:      temple_fountains, uniq_edmund, uniq_robin, uniq_ijyb
Temple:   nicolae_temple_the_god_donut

Skill      XL: |  1  2  3  4  5  6 |
---------------+-------------------+-----
Fighting       | 1 2 3 4 5 |  5.0
Dodging        | 3 |  3.3
Stealth        | 3 |  3.1
Spellcasting   | |  2.0
Conjurations   | |  1.3
Ice Magic      | |  2.6

Action                   |  1- 3 |  4- 6 || total
-------------------------+-------+-------++-------
Melee: Unarmed           |    23 |       ||    23
       Peck              |     8 |    17 ||    25
       Kick              |    10 |    21 ||    31
       Hand axe          |    53 |    19 ||    72
       Flail             |       |   113 ||   113
 Cast: Freeze            |    28 |    32 ||    60
       Throw Frost       |       |     8 ||     8
       Ozocubu's Armour  |       |     3 ||     3
  Use: Scroll            |     7 |     4 ||    11
       Potion            |     1 |     1 ||     2
 Stab: Sleeping          |     5 |     4 ||     9
  Eat: Chunk             |     3 |    10 ||    13
Armor: Robe              |    34 |    47 ||    81
Dodge: Dodged            |    77 |   118 ||   195

Table legend:
 A = Spawn XP
 B = Non-spawn XP
 C = Spawn XP percentage of total XP
 D = Spawn monster count
 E = Non-spawn monster count
 F = Spawn count percentage of total count
 G = Total turns spent on level
                    A         B        C        D         E        F      G
               +---------+---------+-------+---------+---------+-------+---------
         Total |       0 |     412 |   0.0 |       0 |      87 |   0.0 |  4565
               +---------+---------+-------+---------+---------+-------+---------
           D:1 |       0 |      31 |   0.0 |       0 |      18 |   0.0 |  1172
           D:2 |       0 |      90 |   0.0 |       0 |      25 |   0.0 |  1135
           D:3 |       0 |     127 |   0.0 |       0 |      24 |   0.0 |  1500
           D:4 |       0 |     164 |   0.0 |       0 |      20 |   0.0 |   616
               +---------+---------+-------+---------+---------+-------+---------
